 Seeded DCSS version 0.30-a0-867-g305f33218d (webtiles) character file.

Game seed: 20230310 (custom seed)

133 bmack86 the Trooper (level 4, -2/41 HPs)
             Began as a Minotaur Fighter on Mar 10, 2023.
             Killed from afar by an orc wizard (4 damage)
             ... with a magic dart
             ... on level 4 of the Dungeon.
             The game lasted 00:05:05 (2302 turns).

bmack86 the Trooper (Minotaur Fighter)              Turns: 2302, Time: 00:05:07

Health: -2/41      AC: 10    Str: 23    XL:     4   Next: 93%
Magic:  3/3        EV: 14    Int:  5    God:
Gold:   182        SH:  4    Dex:  9    Spells: 3/3 levels left

rFire   + . .      SeeInvis .    a - +0 war axe
rCold   . . .      Faith    .    c - +0 buckler
rNeg    . . .      Spirit   .    j - +1 scale mail {rF+}
rPois   .          Reflect  .    (helmet restricted)
rElec   .          Rampage  .    o - +1 cloak
rCorr   .                        (no gloves)
Will    .....                    (no boots) Stlth
                                 (no amulet)
HPRegen 0.26/turn                f - +5 ring of evasion
MPRegen 0.08/turn                i - ring of flight

@: flying
A: horns 2, retaliatory headbutt
a: no special abilities


You were on level 4 of the Dungeon.
You visited 1 branch of the dungeon, and saw 4 of its levels.

You collected 182 gold pieces.

Inventory:

Hand Weapons
 a - a +0 war axe (weapon)
Armour
 b - a +0 scale mail
 c - a +0 buckler (worn)
 j - a +1 scale mail of fire resistance (worn)
 o - a +1 cloak (worn)
Jewellery
 f - a +5 ring of evasion (left hand)
 i - a ring of flight (right hand)
Scrolls
 e - 3 scrolls of teleportation
 m - a scroll of torment {unknown}
 n - a scroll of fear
Potions
 d - a potion of might
 g - a potion of haste {unknown}
 h - a potion of berserk rage {unknown}
 k - a potion of attraction {unknown}
 l - 2 potions of degeneration {unknown}
 p - a potion of magic {unknown}


   Skills:
 + Level 4.5 Fighting
 * Level 4.3 Axes
 + Level 4.4 Armour
 + Level 4.4 Shields


You had 3 spell levels left.
You didn't know any spells.
Your spell library was empty.

Dungeon Overview and Level Annotations

Branches:
Dungeon (4/15)
 Temple: D:4-7

Altars:
Hepliaklqana
Qazlal
Vehumet
The Shining One

Annotations:
D:4 Robin


Innate Abilities, Weirdness & Mutations

You have a pair of horns on your head.
You reflexively headbutt those who attack you in melee.


Message History

You barely miss something. Robin barely misses you. The orc closely misses you.
The orc misses you. The goblin hits you but does no damage. Something hits you.
The orc hits you but does no damage. Robin hits you but does no damage.
You block the orc's attack. Something hits you but does no damage.
The orc hits you from afar with a +0 trident.
* * * LOW HITPOINT WARNING * * *
You block the orc priest's attack. The goblin barely misses you.
The orc hits you with a +0 dagger.
* * * LOW HITPOINT WARNING * * *
You hit Robin but do no damage. You headbutt Robin, but do no damage.
Robin is heavily wounded.
You hit the orc priest. You barely miss the goblin.
You completely miss the orc. You barely miss something.
The goblin no longer looks unusually strong.
The goblin hits you but does no damage. You block the orc's attack.
The orc misses you. Something hits you.
* * * LOW HITPOINT WARNING * * *
The orc hits you but does no damage.
Robin roars a battlecry!
The goblin goes into a battle-frenzy!
You barely miss Robin.
Robin is heavily wounded.
You closely miss the goblin. You hit the orc. You barely miss something.
You hit the orc priest but do no damage.
You block Robin's attack. The orc closely misses you.
The orc hits you but does no damage. Something hits you.
* * * LOW HITPOINT WARNING * * *
The orc priest hits you with a +0 flail!
* * * LOW HITPOINT WARNING * * *
The orc closely misses you. You furiously retaliate!
You headbutt the orc!
You kill the orc!
The goblin closely misses you.
You barely miss the orc priest.
The orc priest is lightly wounded.
You hit something but do no damage. You hit Robin but do no damage.
You miss the goblin. The orc misses you. x2
You hear some strange, mumbled words.
A magic dart appears from out of thin air!
The magic dart hits you.
You die...

#..## ##..#
#...# ##
#...# ...##
##...# ......
#....#
......##....#
......g#)...#
......)@o)..#
.....o{g†...#
.........o..#
...........##
...........#
............
............#
............#


You could see Robin, an orc priest, 2 orcs and a goblin (strong).

Vanquished Creatures
  Terence (D:2)
  An adder (D:2)
  An ufetubus (D:2)
  A worm (D:2)
  A dart slug (D:3)
  7 orcs
  10 endoplasms
  4 giant cockroaches
  13 goblins
  10 hobgoblins
  3 kobolds
  2 quokkas
  7 ball pythons
  5 bats
  4 frilled lizards
  2 rats (D:1)
72 creatures vanquished.

Notes
Turn   | Place    | Note
-------+----------+-------------------------------------------
     0 | D:1      | bmack86 the Minotaur Fighter began the quest for the Orb.
     0 | D:1      | Reached XP level 1. HP: 19/19 MP: 0/0
    71 | D:1      | Reached XP level 2. HP: 26/27 MP: 1/1
   420 | D:1      | Found a faded altar of an unknown god.
   847 | D:2      | Reached XP level 3. HP: 32/33 MP: 2/2
  1115 | D:2      | Noticed Terence
  1120 | D:2      | Killed Terence
  1121 | D:2      | Reached XP level 4. HP: 33/40 MP: 3/3
  1145 | D:2      | Upgraded the game from 0.30-a0-862-g1aabd4f9c5 to
                  | 0.30-a0-867-g305f33218d
  1618 | D:3      | Found a stormy altar of Qazlal.
  1688 | D:3      | Found a radiant altar of Vehumet.
  1757 | D:3      | Found a glowing golden altar of the Shining One.
  1769 | D:3      | Identified the +6 trident of Mor Ynlu {flame, Str+3}
  2097 | D:3      | Found a hazy altar of Hepliaklqana.
  2285 | D:4      | Noticed Robin
  2301 | D:4      | HP: 1/41 [orc priest/+0 flail (7)]
  2302 | D:4      | Killed from afar by an orc wizard

Illustrated notes

Levels and vault maps discovered:
D:1:      mrwooster_arrival_arrow, layout_loops_ring,
          shapermc_ecumenical_altar_petra,
          nicolae_concentric_dashed_squares_mild, minmay_indecisive_spiral
D:2:      layout_loops_ring, roderic_filled_cross, uniq_terence
D:3:      layout_loops_cross, mainiacjoe_overflow_brackets,
          overflow_temple_1_default, nicolae_overflow_hidden_temple,
          grunt_qazlal_clouds
D:4:      layout_cave_pods, chei_slow_surprise, uniq_grinder, uniq_robin

Skill      XL: |  1  2  3  4 |
---------------+-------------+-----
Axes           | 3 4 |  4.3
Fighting       | 4 |  4.5
Armour         | 4 |  4.4
Shields        | 4 |  4.4

Action                     |  1- 3 |  4- 6 || total
---------------------------+-------+-------++-------
  Melee: War axe           |    68 |    51 ||   119
         Headbutt          |    10 |     8 ||    18
    Use: Scroll            |       |     6 ||     6
 Armour: Scale mail        |    27 |    38 ||    65
  Dodge: Dodged            |    29 |    68 ||    97
  Block: Buckler           |    15 |    23 ||    38

Table legend: (Time is in decaauts)
 A = Elapsed time spent in this place.
 B = Non-inter-level travel time spent in this place.
 C = Inter-level travel time spent in this place.
 D = Time resting spent in this place.
 E = Time spent auto-exploring this place.
 F = Levels seen in this place.
 G = Mean time per level.
                   A        B        C        D        E       F      G
               +--------+--------+--------+--------+--------+-----+--------+
         Total |   2342 |   2271 |     71 |      0 |   1695 |   4 |  585.5 |
       Dungeon |   2342 |   2271 |     71 |      0 |   1695 |   4 |  585.5 |
               +--------+--------+--------+--------+--------+-----+--------+

Top non-repeatable levels by time:
     D:1: 789 daAuts
     D:2: 772 daAuts
     D:3: 682 daAuts
     D:4: 98 daAuts
